 Dungeon Crawl Stone Soup version 0.17-a0-1210-g1e4f09d (webtiles) character file.

476 Hanyuu the Cleaver (level 7, -7/60 HPs)
             Began as a Hill Orc Gladiator on June 3, 2015.
             Was a Follower of Makhleb.
             Killed by nerve-wracking pain
             ... invoked by an orc priest
              (8 damage)
             ... on level 3 of the Dungeon.
             The game lasted 00:10:15 (3196 turns).

Hanyuu the Cleaver (Hill Orc Gladiator)             Turns: 3196, Time: 00:10:16

Health: -7/60      AC:  7    Str: 19    XL:     7   Next: 10%
Magic:  7/7        EV: 12    Int:  9    God:    Makhleb [*.....]
Gold:   174        SH:  0    Dex: 13    Spells: 0 memorised, 6 levels left

rFire  . . .     SeeInvis .     a - +1 war axe
rCold  . . .     Clarity  .     h - +0 leather armour
rNeg   . . .     SustAt   +     (no shield)
rPois  .         Gourm    .     c - +0 helmet
rElec  .         Spirit   .     w - +2 cloak
rCorr  .         Warding  .     (no gloves)
rMut   .         Stasis   .     (no boots)
MR     .....                    (no amulet)
Stlth  +.........               t - +2 ring of dexterity
                                s - ring of sustain attributes

@: not resistant to hostile enchantments, very unstealthy
A: no striking features
a: Renounce Religion, Convert to Beogh


You were on level 3 of the Dungeon.
You worshipped Makhleb.
Makhleb was aware of your devotion.
You were not hungry.

You visited 1 branch of the dungeon, and saw 3 of its levels.

You collected 174 gold pieces.

Inventory:

Hand weapons
 a - a +1 war axe (weapon)
 b - a +0 blowgun
Missiles
 d - 3 throwing nets (quivered)
 g - 2 tomahawks
 u - 40 poisoned needles
Armour
 c - a +0 helmet (worn)
 h - a +0 leather armour (worn)
 i - a +0 buckler
 v - a cursed -1 ring mail
 w - a +2 cloak (worn)
Magical staves
 p - an uncursed staff of poison {unknown}
Jewellery
 s - a ring of sustain attributes (left hand)
 t - a +2 ring of dexterity (right hand)
Potions
 j - a potion of curing {unknown}
 k - a potion of brilliance
 l - a potion of invisibility {unknown}
 m - a potion of mutation {unknown}
 n - a potion of degeneration {unknown}
 q - a potion of flight {unknown}
 r - a potion of might {unknown}
Comestibles
 e - 3 bread rations
 f - 4 chunks of flesh
 o - 2 meat rations
 x - a beef jerky


   Skills:
 - Level 4.3 Fighting
 * Level 9.2 Axes
 - Level 2.0 Throwing
 + Level 1.2 Armour
 - Level 2.4 Dodging


You had 6 spell levels left.
You didn't know any spells.

Dungeon Overview and Level Annotations

Branches:
Dungeon (3/15)

Altars:
Elyvilon
Makhleb
Sif Muna
Vehumet


Message History

* * * LOW HITPOINT WARNING * * *
You hit the orc priest.
The orc priest is almost dead.
The orc priest shouts, "Join the one true god or die!"
The orc priest threatens, "By the altar or by the axe, you will meet Beogh!"
The orc priest closely misses you.
You barely miss the orc priest.
The orc priest is almost dead.
The orc priest mumbles some strange prayers to Beogh against you.
You struggle to resist.
Your leather armour prevents you from hitting the orc priest.
The orc priest is almost dead.
The orc priest threatens, "By the altar or by the axe, you will meet Beogh!"
The orc priest hits you.
* * * LOW HITPOINT WARNING * * *
You hit the orc priest.
The orc priest is almost dead.
The orc priest mumbles some strange prayers to Beogh against you.
Pain shoots through your body!
You die...

### ###### #
..############...... ####
#.#................. ....
###.#.##.............. ...
#(.....+.............. ###
....#...##.....)@)...... #.. ##
###.##......)o...... #.# ..
#.#######+##......
#..###)........ ###### #
#......######### #
#.####.#.......# #
#.####.......#.#################
#.....>.........................
##############.#####+###########


You could see an orc priest.

Vanquished Creatures
  Sigmund (D:3)
  3 orc priests (D:3)
  A hound (D:3)
  Jessica (D:2)
  Natasha (D:2)
  5 adders (D:2)
  2 oozes
  A worm (D:2)
  4 giant geckos
  16 orcs (D:3)
  4 giant cockroaches
  7 hobgoblins
  4 jackals
  A quokka (D:2)
  4 bats
  3 giant newts (D:2)
  9 goblins
  11 kobolds
  12 rats
90 creatures vanquished.

Notes
Turn   | Place    | Note
--------------------------------------------------------------
     0 | D:1      | Hanyuu the Hill Orc Gladiator began the quest for the Orb.
     0 | D:1      | Reached XP level 1. HP: 18/18 MP: 1/1
   238 | D:1      | Reached XP level 2. HP: 15/25 MP: 2/2
   386 | D:1      | Reached skill level 5 in Axes
   634 | D:1      | You fall through a shaft!
   782 | D:2      | Reached XP level 3. HP: 30/30 MP: 3/3
   958 | D:2      | Reached skill level 6 in Axes
  1047 | D:2      | Found a radiant altar of Vehumet.
  1086 | D:2      | Reached XP level 4. HP: 33/37 MP: 4/4
  1252 | D:2      | Found a white marble altar of Elyvilon.
  1253 | D:2      | Found a deep blue altar of Sif Muna.
  1422 | D:2      | Noticed Jessica
  1425 | D:2      | Killed Jessica
  1715 | D:2      | Noticed Natasha
  1734 | D:2      | Killed Natasha
  1734 | D:2      | Reached skill level 7 in Axes
  1734 | D:2      | Reached XP level 5. HP: 13/45 MP: 5/5
  2567 | D:3      | Found a burning altar of Makhleb.
  2575 | D:3      | Became a worshipper of Makhleb the Destroyer
  2647 | D:3      | Reached skill level 8 in Axes
  2647 | D:3      | Reached XP level 6. HP: 48/51 MP: 6/6
  2653 | D:3      | Found a burning altar of Makhleb.
  2785 | D:3      | Noticed Sigmund
  2804 | D:3      | Killed Sigmund
  2904 | D:3      | Reached skill level 9 in Axes
  3008 | D:3      | Acquired Makhleb's first power
  3008 | D:3      | Reached XP level 7. HP: 54/60 MP: 7/7
  3159 | D:3      | Reached skill level 1 in Armour
  3192 | D:3      | HP: 2/60 [orc priest/divine providence (11)]
  3196 | D:3      | Killed from afar by an orc priest

Vault maps used:
D:1:      dpeg_arrival_concentric_ovals
D:2:      vehumet_crystals, gammafunk_temple_overflow_statue, uniq_jessica,
          uniq_natasha
D:3:      overflow_temple_1_default, fountainhead, makhleb_heckhound_becter,
          uniq_sigmund

Action                   |  1- 3 |  4- 6 |  7- 9 || total
-------------------------+-------+-------+-------++-------
Melee: War axe           |    94 |   163 |    33 ||   290
  Use: Scroll            |       |     6 |       ||     6
       Potion            |       |     1 |       ||     1
  Eat: Chunk             |     1 |     6 |     1 ||     8
